 Dungeon Crawl Stone Soup version 0.29-a0-1052-g6990b1bffc (webtiles) character file.

Game seed: 11922447085259234910

703 slphil the Grasshopper (level 7, 0/56 HPs)
             Began as a Gnoll Warper on Nov 1, 2020.
             Was an Initiate of Gozag.
             Slain by an ogre
             ... wielding a +0 giant spiked club
              (26 damage)
             ... on level 5 of the Dungeon on Aug 17, 2022.
             The game lasted 00:12:53 (5566 turns).

slphil the Grasshopper (Gnoll Warper)               Turns: 5566, Time: 00:12:54

Health: 0/56       AC: 11    Str: 13    XL:     7   Next: 66%
Magic:  15/15      EV: 13    Int: 17    God:    Gozag
Gold:   220        SH:  0    Dex: 14    Spells: 2/17 levels left

rFire   . . .      SeeInvis .   m - +0 trident (protect)
rCold   . . .      Faith    .   (no shield)
rNeg    + . .      Spirit   .   b - +0 leather armour
rPois   +          Reflect  .   (no helmet)
rElec   .          Harm     .   (no cloak)
rCorr   .          Rampage  .   n - +0 pair of gloves
Will    .....                   (no boots)
Stlth   ++........              r - amulet of the acrobat
HPRegen 0.18/turn               k - ring of positive energy
MPRegen 0.14/turn               s - ring of poison resistance

@: under a protective aura
A: fangs 1, strong nose, distributed training
a: Renounce Religion, Potion Petition, Call Merchant, Bribe Branch


You were on level 5 of the Dungeon.
You worshipped Gozag.
Gozag was aware of your devotion.
You visited 1 branch of the dungeon, and saw 5 of its levels.

You collected 315 gold pieces.
You paid 95 gold pieces to Gozag.

Inventory:

Hand Weapons
 a - a +0 falchion
 m - a +0 trident of protection (weapon)
 t - the +0 whip "Upucwank" {freeze, rCorr}
   (You found it on level 2 of the Dungeon)

   It freezes those it strikes, dealing additional cold damage.
   It can also slow down cold-blooded creatures.
   rCorr:     It protects you from acid and corrosion.
Missiles
 e - 5 boomerangs of dispersal (quivered)
 h - 46 poisoned darts
 z - a throwing net
 C - 2 boomerangs
Armour
 b - a +0 leather armour (worn)
 n - a +0 pair of gloves (worn)
Jewellery
 k - a ring of positive energy (left hand)
 r - an amulet of the acrobat (around neck)
 s - a ring of poison resistance (right hand)
Scrolls
 d - a scroll of blinking
 f - 5 scrolls of identify {unknown}
 i - a scroll of magic mapping {unknown}
 q - a scroll of noise {unknown}
 u - 5 scrolls of teleportation {unknown}
 v - a scroll of enchant weapon {unknown}
 w - 2 scrolls of poison {unknown}
 x - 2 scrolls of summoning {unknown}
 y - 3 scrolls of butterflies {unknown}
Potions
 c - a potion of flight {unknown}
 g - a potion of brilliance {unknown}
 j - a potion of attraction {unknown}
 l - 2 potions of magic {unknown}
 o - a potion of berserk rage {unknown}
 p - a potion of mutation {unknown}
 A - a potion of heal wounds {unknown}
 B - 2 potions of lignification {unknown}


   Skills:
 + Level 5.3 Fighting
 + Level 2.7 Short Blades
 + Level 5.3 Long Blades
 + Level 2.7 Axes
 + Level 2.7 Maces & Flails
 + Level 2.7 Polearms
 + Level 2.7 Staves
 + Level 2.7 Ranged Weapons
 + Level 3.8 Throwing
 + Level 3.8 Armour
 + Level 5.3 Dodging
 + Level 2.7 Stealth
 + Level 2.7 Shields
 + Level 2.7 Unarmed Combat
 + Level 5.7 Spellcasting
 + Level 2.2 Conjurations
 + Level 2.2 Hexes
 + Level 2.2 Summonings
 + Level 2.2 Necromancy
 + Level 5.9 Translocations
 + Level 2.2 Transmutations
 + Level 2.2 Fire Magic
 + Level 2.2 Ice Magic
 + Level 2.2 Air Magic
 + Level 2.2 Earth Magic
 + Level 2.2 Poison Magic
 + Level 3.0 Invocations
 + Level 2.7 Evocations


You had 2 spell levels left.
You knew the following spells:

 Your Spells              Type           Power      Damage    Failure   Level
a - Blink                 Tloc           50%        N/A       2%          2
b - Gell's Gravitas       Tloc           25%        N/A       4%          3
c - Lesser Beckoning      Tloc           25%        N/A       4%          3
d - Teleport Other        Tloc           25%        N/A       4%          3
e - Passage of Golubria   Tloc           25%        N/A       14%         4

Your spell library contained the following spells:

 Spells                   Type           Power      Damage    Failure   Level
 Magic Dart               Conj           48%        1d5       7%          1
 Call Imp                 Summ           12%        N/A       10%         2
 Mephitic Cloud           Conj/Pois/Air  12%        N/A       21%         3


Dungeon Overview and Level Annotations

Branches:
Dungeon (5/15)
 Temple: D:4-7

Altars:
Elyvilon
Gozag
Hepliaklqana
Ru
Uskayaw

Shops:
D:2 =   D:4 *=


Innate Abilities, Weirdness & Mutations

You have very sharp teeth.
Your uncanny sense of smell can sniff out nearby items.
Your experience applies equally to all skills.


Message History

Things that are here:
a +0 hand axe; a +0 leather armour You now have 201 gold pieces (gained 18).
Things that are here:
a +0 whip; a +0 leather armour; a +0 hand axe You now have 206 gold pieces (gained 5).
You see here a +0 falchion.
Found 7 stones.
You now have 220 gold pieces (gained 14).
An orc comes into view. It is wielding a +0 club.
An orc is nearby!
An ogre and a quokka come into view.
Found 10 gold pieces.
The ogre shouts!
A quokka comes into view.
You closely miss the ogre. You bite the ogre, but do no damage.
The ogre misses you.
You barely miss the ogre.
The ogre hits you with a +0 giant spiked club!!
Ouch! That really hurt!
You are too injured to fight recklessly!
You are too injured to fight recklessly!
You are too injured to fight recklessly!
Unknown command.
You hit the ogre.
Your weapon exudes an aura of protection.
You bite the ogre, but do no damage.
The ogre is lightly wounded.
The ogre barely misses you.
You hit the ogre.
The ogre is moderately wounded.
You hit the ogre.
The ogre is heavily wounded.
The ogre misses you.
Unknown command.
You hit the ogre but do no damage.
The ogre is heavily wounded.
The ogre hits you with a +0 giant spiked club!!
You die...
Your body crumbles into a pile of gold.

P.....P.♣♣ P♣
.P.......♣♣ .♣ .♣P♣
P......♣..♣♣ .♣ ...
P.......P..♣♣.♣ ..♣♣♣♣
.P......♣P♣.P♣♣♣ ♣.....P
........P♣.♣♣P.♣♣..... ♣
P..........PP.♣♣..♣.♣..P
..P...(......P.♣r.~..♣
..............♣.@O♣
................~♣~♣
♣..♣.......♣P.Po.♣ ~~
.♣..♣..P.P♣♣...~~~~P§§
♣♣.♣♣♣...♣♣...~.~~~♣~.§
..P..♣.....~♣.≈~♣..
.P♣.♣♣....♣~≈≈~~~ . $
.§§..~~~.~♣♣
......♣r♣$♣~


You could see an ogre, an orc and a quokka.

Vanquished Creatures
  Sigmund (D:2)
  A black bear (D:4)
  A necrophage (D:4)
  A scorpion (D:5)
  A hound (D:5)
  An orc priest (D:5)
  A jelly (D:4)
  Jessica (D:2)
  8 gnolls
  6 adders
  3 endoplasms
  5 dart slugs
  6 orcs
  A removed leopard gecko (D:1)
  6 bats
  2 giant cockroaches
  6 goblins
  8 hobgoblins
  4 jackals (D:1)
  7 kobolds
  2 quokkas (D:3)
  10 ball pythons
  5 frilled lizards
  9 rats
96 creatures vanquished.

Vanquished Creatures (others)
  30 plants (D:5)
30 creatures vanquished.

Grand Total: 126 creatures vanquished

Notes
Turn   | Place    | Note
-------+----------+-------------------------------------------
     0 | D:1      | slphil the Gnoll Warper began the quest for the Orb.
     0 | D:1      | Reached XP level 1. HP: 20/20 MP: 6/6
    65 | D:1      | Reached XP level 2. HP: 20/26 MP: 7/7
   372 | D:1      | Reached XP level 3. HP: 29/31 MP: 9/9
   419 | D:1      | Learned a level 2 spell: Blink
   423 | D:1      | Learned a level 3 spell: Gell's Gravitas
   427 | D:1      | Learned a level 3 spell: Lesser Beckoning
   431 | D:1      | Learned a level 3 spell: Teleport Other
   597 | D:1      | Reached skill level 5 in Spellcasting
  1121 | D:1      | Reached skill level 1 in Invocations
  1242 | D:1      | Upgraded the game from 0.26-a0-712-ga5a9c9c9d0 to
                  | 0.29-a0-1033-gb6c65ffae6
  1380 | D:2      | Reached skill level 1 in Short Blades
  1380 | D:2      | Reached skill level 1 in Axes
  1380 | D:2      | Reached skill level 1 in Maces & Flails
  1380 | D:2      | Reached skill level 1 in Polearms
  1380 | D:2      | Reached skill level 1 in Staves
  1380 | D:2      | Reached skill level 1 in Ranged Weapons
  1380 | D:2      | Reached skill level 1 in Stealth
  1380 | D:2      | Reached skill level 1 in Shields
  1380 | D:2      | Reached skill level 1 in Unarmed Combat
  1380 | D:2      | Reached skill level 1 in Evocations
  1419 | D:2      | Reached XP level 4. HP: 38/38 MP: 11/11
  1528 | D:2      | Found Bourocw's Jewellery Emporium.
  1708 | D:2      | Noticed Sigmund
  1913 | D:2      | Found a sacrificial altar of Ru.
  1920 | D:2      | Identified the +0 whip "Upucwank" {freeze, rCorr}
  1980 | D:2      | Noticed Jessica
  2011 | D:2      | Killed Jessica
  2012 | D:2      | Reached skill level 1 in Conjurations
  2012 | D:2      | Reached skill level 1 in Hexes
  2012 | D:2      | Reached skill level 1 in Summonings
  2012 | D:2      | Reached skill level 1 in Necromancy
  2012 | D:2      | Reached skill level 1 in Transmutations
  2012 | D:2      | Reached skill level 1 in Fire Magic
  2012 | D:2      | Reached skill level 1 in Ice Magic
  2012 | D:2      | Reached skill level 1 in Air Magic
  2012 | D:2      | Reached skill level 1 in Earth Magic
  2012 | D:2      | Reached skill level 1 in Poison Magic
  2301 | D:2      | Reached XP level 5. HP: 29/43 MP: 12/12
  2652 | D:2      | Found a faded altar of an unknown god.
  2701 | D:2      | Upgraded the game from 0.29-a0-1033-gb6c65ffae6 to
                  | 0.29-a0-1047-g7c58e119a4
  2705 | D:2      | Upgraded the game from 0.29-a0-1047-g7c58e119a4 to
                  | 0.29-a0-1052-g6990b1bffc
  2717 | D:2      | HP: 1/43 [something (4)]
  2718 | D:2      | Killed Sigmund
  2719 | D:2      | Reached skill level 5 in Fighting
  2719 | D:2      | Reached skill level 5 in Long Blades
  2719 | D:2      | Reached skill level 5 in Dodging
  2719 | D:2      | Reached XP level 6. HP: 1/51 MP: 14/14
  3261 | D:3      | Learned a level 4 spell: Passage of Golubria
  4039 | D:4      | Found a hide-covered altar of Uskayaw.
  4089 | D:4      | Found Ofyrin's Serpentskin Sales.
  4164 | D:4      | Noticed a black bear
  4183 | D:4      | Killed a black bear
  4184 | D:4      | Reached XP level 7. HP: 19/56 MP: 15/15
  4669 | D:4      | Found an opulent altar of Gozag.
  4676 | D:4      | Found an opulent altar of Gozag.
  4676 | D:4      | Found an opulent altar of Gozag.
  4681 | D:4      | Became a worshipper of Gozag Ym Sagoz the Greedy
  4788 | D:4      | Found a white marble altar of Elyvilon.
  4839 | D:4      | Found a hazy altar of Hepliaklqana.
  5059 | D:4      | Found Mobuext's Jewellery Shop.
  5157 | D:4      | Found an opulent altar of Gozag.
  5212 | D:5      | Entered Level 5 of the Dungeon
  5566 | D:5      | Slain by an ogre

Illustrated notes

Levels and vault maps discovered:
D:1:      nzn_arrival_crosshair, layout_loops_corners, minmay_vboxes
D:2:      layout_loops_corners, serial_shops, shop, basic_altar,
          dilly_ecumenical_altar_fadedgnrine, uniq_sigmund, uniq_jessica
D:3:      layout_rooms, due_unseen_surprise
D:4:      nicolae_BIG_FREAKIN_CUBE, layout_rooms, elyvilon_altar_5,
          mainiacjoe_overflow_surrounded_room, mainiacjoe_overflow_tiny_flanked,
          nicolae_gozag_conspicuous_consumption, serial_shops,
          nicolae_lakefront_shop, guppyfry_shop_venom
D:5:      wad_woods_pond, layout_basic

Skill      XL: |  1  2  3  4  5  6  7 |
---------------+----------------------+-----
Spellcasting   | 5 |  5.7
Invocations    | 1 2 3 |  3.0
Short Blades   | 1 2 |  2.7
Axes           | 1 2 |  2.7
Maces & Flails | 1 2 |  2.7
Polearms       | 1 2 |  2.7
Staves         | 1 2 |  2.7
Ranged Weapons | 1 2 |  2.7
Stealth        | 1 2 |  2.7
Shields        | 1 2 |  2.7
Unarmed Combat | 1 2 |  2.7
Evocations     | 1 2 |  2.7
Conjurations   | 1 2 |  2.2
Hexes          | 1 2 |  2.2
Summonings     | 1 2 |  2.2
Necromancy     | 1 2 |  2.2
Transmutations | 1 2 |  2.2
Fire Magic     | 1 2 |  2.2
Ice Magic      | 1 2 |  2.2
Air Magic      | 1 2 |  2.2
Earth Magic    | 1 2 |  2.2
Poison Magic   | 1 2 |  2.2
Fighting       | 5 |  5.3
Long Blades    | 5 |  5.3
Throwing       | 3 |  3.8
Armour         | 3 |  3.8
Dodging        | 5 |  5.3
Translocations | |  5.9

Action                   |  1- 3 |  4- 6 |  7- 9 || total
-------------------------+-------+-------+-------++-------
Melee: Falchion          |    85 |   193 |       ||   278
       Punch             |     5 |     3 |       ||     8
       Bite              |     2 |    26 |    14 ||    42
       Trident           |       |    35 |   101 ||   136
  Use: Potion            |       |     1 |       ||     1
 Stab: Sleeping          |     1 |     5 |       ||     6
       Distracted        |       |       |     1 ||     1
Armor: Leather armour    |    20 |    50 |    28 ||    98
Dodge: Dodged            |    41 |   187 |    57 ||   285
       Rpst.: Falchion   |    12 |       |       ||    12

Table legend: (Time is in decaauts)
 A = Elapsed time spent in this place.
 B = Non-inter-level travel time spent in this place.
 C = Inter-level travel time spent in this place.
 D = Time resting spent in this place.
 E = Time spent auto-exploring this place.
 F = Levels seen in this place.
 G = Mean time per level.
                   A        B        C        D        E       F      G
               +--------+--------+--------+--------+--------+-----+--------+
         Total |   5608 |   5474 |    134 |   1110 |   3363 |   5 | 1121.6 |
       Dungeon |   5608 |   5474 |    134 |   1110 |   3363 |   5 | 1121.6 |
               +--------+--------+--------+--------+--------+-----+--------+

Top non-repeatable levels by time:
     D:2: 1875 daAuts
     D:1: 1313 daAuts
     D:4: 1203 daAuts
     D:3: 853 daAuts
     D:5: 362 daAuts
